 Dungeon Crawl Stone Soup version 0.27.1-2-g3b301248ec (webtiles) character file.

Game seed: 11393058341798017815

814 nxtlvl the Cleaver (level 7, 0/59 HPs)
             Began as a Black Draconian Berserker on Sept 30, 2021.
             Was a Believer of Trog.
             Slain by a gnoll (2 damage)
             ... on level 5 of the Dungeon.
             The game lasted 00:10:00 (1209 turns).

nxtlvl the Cleaver (Black Draconian Berserker)      Turns: 1209, Time: 00:10:00

Health: 0/59       AC:  6    Str: 19    XL:     7   Next: 62%
Magic:  7/7        EV: 12    Int:  8    God:    Trog [**....]
Gold:   194        SH:  0    Dex: 12    Spells: 6/6 levels left

rFire    . . .     SeeInvis .   a - +0 hand axe
rCold    . . .     Faith    .   (no shield)
rNeg     . . .     Spirit   .   (armour unavailable)
rPois    .         Reflect  .   (helmet restricted)
rElec    +         Harm     .   (no cloak)
rCorr    .         Rampage  .   (no gloves)
Will     .....                  (no boots)
Stlth    +.........             (no amulet)
HPRegen  0.19/turn              (no ring)
MPRegen  0.10/turn              (no ring)

@: short of breath, on berserk cooldown, slowed, very slow
A: breathe lightning, AC +6, unfitting armour, electricity resistance,
cold-blooded
a: Breathe Lightning, Renounce Religion, Berserk, Trog's Hand


You were on level 5 of the Dungeon.
You worshipped Trog.
Trog was pleased with you.
You visited 1 branch of the dungeon, and saw 5 of its levels.

You collected 194 gold pieces.

Inventory:

Hand Weapons
 a - a +0 hand axe (weapon)
Missiles
 h - 3 curare-tipped darts (quivered)
Scrolls
 c - a scroll of blinking {unknown}
 d - 2 scrolls of identify {unknown}
 f - 2 scrolls of amnesia {unknown}
 g - a scroll of teleportation {unknown}


   Skills:
 + Level 4.1 Fighting
 * Level 8.6 Axes
 + Level 3.3 Dodging


You had 6 spell levels left.
You didn't know any spells.
Your spell library contained the following spells:

 Spells                   Type           Power      Damage    Failure   Level
 Magic Dart               Conj           0%         1d3       41%         1
 Call Imp                 Summ           0%         N/A       54%         2
 Slow                     Hex            0%         N/A       54%         2
 Confusing Touch          Hex            0%         N/A       78%         3
 Mephitic Cloud           Conj/Pois/Air  0%         N/A       78%         3
 Vampiric Draining        Necr           0%         2d6       78%         3


Dungeon Overview and Level Annotations

Branches:
Dungeon (5/15)             Temple (0/1) D:4

Altars:
Dithmenos
Hepliaklqana
Qazlal
Uskayaw
Xom
Zin

Shops:
D:1 (


Innate Abilities, Weirdness & Mutations

You can breathe wild blasts of lightning.
Your glossy black scales are hard. (AC +6)
You cannot fit into any form of body armour.
You are resistant to electric shocks. (rElec)
You are cold-blooded and may be slowed by cold attacks.


Message History

Trog accepts your kill.
You hear a splash. x4
You feel sick.
You are no longer poisoned.
The gnoll hits you but does no damage.
You are no longer berserk.
You are exhausted.
You feel yourself slow down.
You breathe a wild blast of lightning!
You hear a mighty clap of thunder! x2; You hear a shout! x2; You hear a bark!
You hear an angry growl.
You hear a shout! x3
The gnoll hits you but does no damage.
A gnoll comes into view. It is wielding a +0 club.
The gnoll barely misses you.
Unknown command.
Unknown command.
You aren't carrying any items that you can evoke.
Unknown command.
The gnoll closely misses you.
The gnoll splashes around in the water.
The gnoll misses you. The gnoll closely misses you.
You feel better. The gnoll closely misses you. The gnoll barely misses you.
The gnoll hits you with a +0 spear.
* * * LOW HITPOINT WARNING * * *
You barely miss the gnoll. You closely miss the gnoll. x2
The gnoll hits you with a +0 spear.
* * * LOW HITPOINT WARNING * * *
The gnoll barely misses you. The gnoll hits you with a +0 club.
* * * LOW HITPOINT WARNING * * *
The gnoll misses you. The gnoll closely misses you.
Unknown command.
You hit the gnoll but do no damage.
You tail-slap the gnoll, but do no damage.
You hit the gnoll but do no damage. You hit the gnoll.
The gnoll hits you with a +0 spear.
* * * LOW HITPOINT WARNING * * *
The gnoll hits you with a +0 club.
* * * LOW HITPOINT WARNING * * *
The gnoll closely misses you.
The gnoll splashes around in the water.
The gnoll hits you from afar with a +0 spear.
You die...

.........##..##...... .
..#.....##...#..#.## ..8
...##.#...###.....####
...._......#....##.....## #
..g8...........###......###
...g..##..###⌠####.....###.
...g#s#..##≈≈^).##.....###.
##...g..##g.♣_≈^.##....##..
........#g@..≈≈.#.#.......(
#....gg#≈._.♣≈^⌠.....#(#
#.#....#g♣.≈.≈♣..#.....#..
#......##.≈.^...##.....#.#
##..###.##≈♣_..###.......#
#.. #<)####⌠###...###....
... #.n..............#.....
.........##.............#..
.......... ...........(#..


You could see 5 gnolls.

Vanquished Creatures
  2 water moccasins (D:5)
  A necrophage (D:5)
  2 ogres
  3 scorpions (D:5)
  2 hounds (D:4)
  A gnoll shaman (D:5)
  3 gnolls (D:4)
  A white imp (D:3)
  2 dart slugs
  5 orcs (D:5)
  6 ball pythons
  3 endoplasms
  2 giant cockroaches (D:1)
  3 hobgoblins
  3 bats
  4 goblins
  5 kobolds
  A rat (D:1)
49 creatures vanquished.

Vanquished Creatures (others)
  10 fungi
10 creatures vanquished.

Grand Total: 59 creatures vanquished

Notes
Turn   | Place    | Note
-------+----------+-------------------------------------------
     0 | D:1      | nxtlvl the Draconian Berserker began the quest for the Orb.
     0 | D:1      | Reached XP level 1. HP: 19/19 MP: 1/1
   109 | D:1      | Reached XP level 2. HP: 10/26 MP: 2/2
   195 | D:1      | Found Uroath's Antique Weapon Boutique.
   257 | D:2      | Reached skill level 4 in Axes
   535 | D:3      | Reached XP level 3. HP: 31/31 MP: 3/3
   553 | D:3      | Found a stormy altar of Qazlal.
   554 | D:3      | Noticed an earth elemental
   555 | D:3      | Noticed a fire elemental
   556 | D:3      | Noticed an air elemental
   556 | D:3      | Noticed a water elemental
   600 | D:4      | Reached ** piety under Trog
   718 | D:4      | Found a hazy altar of Hepliaklqana.
   725 | D:4      | Reached skill level 5 in Axes
   725 | D:4      | Reached XP level 4. HP: 27/38 MP: 4/4
   803 | D:5      | Entered Level 5 of the Dungeon
   804 | D:5      | Found a shimmering altar of Xom.
   806 | D:5      | Found a shimmering altar of Xom.
   809 | D:5      | Noticed an ogre
   810 | D:5      | Found a shimmering altar of Xom.
   810 | D:5      | Found a shimmering altar of Xom.
   810 | D:5      | Found a shimmering altar of Xom.
   823 | D:5      | Killed an ogre
   824 | D:5      | Reached skill level 6 in Axes
   824 | D:5      | Reached XP level 5. HP: 40/45 MP: 5/5
   849 | D:5      | Found a hide-covered altar of Uskayaw.
   850 | D:5      | Noticed a water moccasin
   862 | D:5      | Killed a water moccasin
   863 | D:5      | Reached XP level 6. HP: 47/51 MP: 6/6
   895 | D:5      | Reached skill level 7 in Axes
   912 | D:5      | Noticed a water moccasin
   931 | D:5      | Killed a water moccasin
   976 | D:4      | Found a shadowy altar of Dithmenos.
  1056 | D:4      | Reached skill level 8 in Axes
  1056 | D:4      | Your scales start taking on a glossy black colour.
  1056 | D:4      | Reached XP level 7. HP: 14/57 MP: 7/7
  1056 | D:4      | Gained mutation: You are resistant to electric shocks.
                  | (rElec) [Black Draconian growth]
  1063 | D:4      | Found a staircase to the Ecumenical Temple.
  1181 | D:5      | Found a glowing silver altar of Zin.
  1202 | D:5      | HP: 3/87 [gnoll (3)]
  1209 | D:5      | HP: 2/59 [gnoll (1)]
  1209 | D:5      | Slain by a gnoll

Illustrated notes

Levels and vault maps discovered:
D:1:      dpeg_arrival_concentric_ovals, layout_basic, serial_shops, shop,
          ebering_ecumenical_altar_abandoned
D:2:      layout_basic, serial_shops, shop, nicolae_shop_crystal,
          nicolae_shop_window_shopping, shop_statue, minmay_liquid_box
D:3:      layout_loops_ring, nicolae_qazlal_style_of_elements, zin_treasury
D:4:      layout_basic, mainiacjoe_overflow_boulevard,
          mainiacjoe_overflow_small_starburst, minmay_temple_entry_butterflies,
          minmay_misc_feat_tower
D:5:      layout_cave_pools, xom_redecorated, serial_park, serial_park_gazebo
          [serial_park_minivault_5x5_5], serial_park_square3
          [serial_park_minivault_5x5_6], serial_park_tiny_1,
          hangedman_feature_mirror

Skill      XL: |  1  2  3  4  5  6  7 |
---------------+----------------------+-----
Axes           | 4 5 6 8 |  8.6
Dodging        | 3 |  3.3
Fighting       | 4 |  4.1

Action                   |  1- 3 |  4- 6 |  7- 9 || total
-------------------------+-------+-------+-------++-------
Melee: Hand axe          |    82 |    60 |    22 ||   164
       Tailslap          |    11 |     9 |     2 ||    22
Throw: Dart              |       |     3 |       ||     3
Invok: Berserk           |     3 |     2 |     1 ||     6
       Trog's Hand       |       |     1 |       ||     1
 Abil: Breathe Lightning |       |       |     1 ||     1
  Use: Potion            |       |     2 |     1 ||     3
 Stab: Sleeping          |     1 |       |       ||     1
Armor: Skin              |    32 |    31 |     5 ||    68
Dodge: Dodged            |    49 |    26 |    18 ||    93
